 Dungeon Crawl Stone Soup version 0.24.1-8-ga250c9d538 (webtiles) character file.

Game seed: 12355293927964265984, levelgen mode: deterministic

637 Peloso the Shield-Bearer (level 7, -2/55 HPs)
             Began as a Formicid Fighter on Apr 28, 2020.
             Slain by an orc priest
             ... wielding a +0 flail
              (4 damage)
             ... on level 5 of the Dungeon.
             The game lasted 00:07:00 (3807 turns).

Peloso the Shield-Bearer (Formicid Fighter)         Turns: 3807, Time: 00:07:01

Health: -2/55      AC:  9    Str: 22    XL:     7   Next: 80%
Magic:  7/7        EV:  7    Int:  7    God:
Gold:   179        SH: 10    Dex: 11    Spells: 6/6 levels left

rFire    + . .     SeeInvis +   a - +0 long sword
rCold    + . .     Gourm    .   c - +0 shield
rNeg     + . .     Faith    .   l - +0 chain mail
rPois    +         Spirit   .   (helmet unavailable)
rElec    +         Reflect  .   (no cloak)
rCorr    +         Harm     .   (no gloves)
MR       .....                  (no boots)
Stlth    ..........             (no amulet)
HPRegen  0.18/turn              n - ring of positive energy
MPRegen  0.10/turn              (no ring)

@: resistant, flying
A: permanent stasis, dig shafts and tunnels, four strong arms, antennae 3
a: Dig, Shaft Self


You were on level 5 of the Dungeon.
You were very hungry.

You visited 1 branch of the dungeon, and saw 6 of its levels.

You collected 179 gold pieces.

Inventory:

Hand Weapons
 a - a +0 long sword (weapon)
Armour
 b - a +0 scale mail
 c - a +0 shield (worn)
 l - a +0 chain mail (worn)
Jewellery
 n - a ring of positive energy (left hand)
Scrolls
 e - 3 scrolls of identify
 g - a scroll of random uselessness {unknown}
 h - 2 scrolls of fear {unknown}
 i - 3 scrolls of amnesia {unknown}
 j - a scroll of noise {unknown}
 k - 5 scrolls of remove curse {unknown}
 m - 3 scrolls of fog {unknown}
 o - 4 scrolls of teleportation
 p - 2 scrolls of blinking {unknown}
 q - a scroll of enchant armour {unknown}
Potions
 d - a potion of might
Comestibles
 f - 11 rations


   Skills:
 + Level 4.5 Fighting
 + Level 5.2 Long Blades
 + Level 4.8 Armour
 + Level 0.7 Dodging
 + Level 0.5 Stealth
 + Level 6.1 Shields


You had 6 spell levels left.
You didn't know any spells.
Your spell library was empty.

Dungeon Overview and Level Annotations

Branches:
Dungeon (6/15)
 Temple: D:4-7

Altars:
Hepliaklqana
Kikubaaqudgha
Nemelex Xobeh
Qazlal
Uskayaw
Wu Jian
Yredelemnul

Annotations:
D:3 2 transporters, Menkaure


Innate Abilities, Weirdness & Mutations

You cannot be hasted, slowed, berserked, paralysed or teleported.
You can dig through walls and to a lower floor.
Your four strong arms can wield two-handed weapons with a shield.
You have a pair of large antennae on your head. (SInv)


Message History

An orc comes into view.
You hit the orc priest.
The orc priest is moderately wounded.
You block the orc priest's attack.
You hit the orc priest.
The orc priest is severely wounded.
The orc priest mumbles some strange prayers to Beogh against you.
Beogh smites you!
* * * LOW HITPOINT WARNING * * *
The orc hits you but does no damage. The orc hits you.
* * * LOW HITPOINT WARNING * * *
It was a potion of flight.
You feel very buoyant.
You fly up into the air.
The orc priest hits you but does no damage.
You block the orc's attack. The orc hits you but does no damage.
It was a potion of resistance.
You feel protected.
The orc priest hits you with a +0 flail.
You die...

#.....#. #.....## #.......
#....... .. #.......
..############ #.......
............. ##......
#.....oo.# #...... #.....@o.#
#...... #........# #......
#........# #......
#####....##+#####......
#........#..#......
#........#..#......
#........#..#####..
#####........#......#..
########............#......#..


You could see an orc priest and 2 orcs.

Vanquished Creatures
  An ice beast (D:5)
  An ogre (D:4)
  A bullfrog (D:6)
  A scorpion (D:4)
  A howler monkey (D:5)
  A crimson imp (D:5)
  An orc priest (D:5)
  An iguana (D:5)
  An orc wizard (D:5)
  3 worker ants
  5 adders
  An ooze (D:2)
  4 worms
  3 leopard geckos
  4 orcs
  8 bats
  3 giant cockroaches
  7 hobgoblins
  8 jackals
  A frilled lizard (D:2)
  6 goblins
  5 kobolds
  A leopard gecko zombie (D:5)
  3 rats
71 creatures vanquished.

Notes
Turn   | Place    | Note
-------+----------+-------------------------------------------
     0 | D:1      | Peloso the Formicid Fighter began the quest for the Orb.
     0 | D:1      | Reached XP level 1. HP: 18/18 MP: 1/1
   231 | D:1      | Reached XP level 2. HP: 24/24 MP: 2/2
   553 | D:1      | Reached skill level 4 in Shields
  1009 | D:2      | Reached XP level 3. HP: 24/30 MP: 3/3
  1360 | D:2      | Reached XP level 4. HP: 30/37 MP: 4/4
  1531 | D:3      | Found an ornate altar of the Wu Jian Council.
  1617 | D:3      | Found a stormy altar of Qazlal.
  1678 | D:3      | Found a transporter.
  1680 | D:3      | Found a transporter.
  1696 | D:3      | Noticed a necrophage
  1697 | D:3      | Found an ancient bone altar of Kikubaaqudgha.
  1701 | D:3      | Noticed Menkaure
  1708 | D:3      | Found a basalt altar of Yredelemnul.
  2100 | D:4      | Reached XP level 5. HP: 34/42 MP: 5/5
  2212 | D:4      | You fall into a shaft and drop 2 floors!
  2223 | D:6      | Noticed a bullfrog
  2239 | D:6      | Killed a bullfrog
  2239 | D:6      | Reached XP level 6. HP: 12/48 MP: 6/6
  2303 | D:6      | Noticed an ogre
  2307 | D:5      | Entered Level 5 of the Dungeon
  2544 | D:4      | Reached skill level 5 in Shields
  2757 | D:4      | Found a hide-covered altar of Uskayaw.
  2852 | D:4      | Found a hazy altar of Hepliaklqana.
  2873 | D:4      | Found a sparkling altar of Nemelex Xobeh.
  2873 | D:4      | Noticed an ogre
  2879 | D:4      | Killed an ogre
  2879 | D:4      | Reached XP level 7. HP: 20/55 MP: 7/7
  3537 | D:5      | Reached skill level 5 in Long Blades
  3673 | D:5      | Reached skill level 6 in Shields
  3805 | D:5      | HP: 1/55 [orc (3)]
  3807 | D:5      | Slain by an orc priest

Levels and vault maps discovered:
D:1:      minmay_arrival_checkered_box, layout_loops_corners
D:2:      layout_basic
D:3:      layout_basic, gammafunk_temple_of_torment, lemuel_crystal_altar,
          grunt_qazlal_clouds
D:4:      layout_gridville, old_standard_altar, eat_drink_and_be_merry_uskayaw,
          lemuel_round_altar
D:5:      layout_gridville, first_ration, nrook_mini_vaults
D:6:      kennysheep_spiral_hall, layout_basic

Skill      XL: |  1  2  3  4  5  6  7 |
---------------+----------------------+-----
Shields        | 4 5 6 |  6.1
Long Blades    | 3 4 5 |  5.2
Fighting       | 4 |  4.5
Armour         | 4 |  4.8
Dodging        | |  0.7
Stealth        | |  0.5

Action                   |  1- 3 |  4- 6 |  7- 9 || total
-------------------------+-------+-------+-------++-------
Melee: Long sword        |    98 |   144 |    90 ||   332
 Abil: Dig               |     1 |       |       ||     1
  Use: Potion            |       |     1 |     2 ||     3
       Scroll            |       |     1 |       ||     1
  Eat: Chunk             |     3 |     5 |     2 ||    10
Armor: Scale mail        |    24 |       |       ||    24
       Chain mail        |    51 |    82 |    46 ||   179
Dodge: Dodged            |    46 |    43 |    16 ||   105
Block: Shield            |    62 |   102 |    52 ||   216
       Rpst.: Long sword |    19 |    12 |     4 ||    35
